 Dungeon Crawl Stone Soup version 0.19.5 (webtiles) character file.

214 Firecrotchwizard the Spear-Bearer (level 5, -4/38 HPs)
             Began as a Merfolk Gladiator on Apr 17, 2017.
             Slain by barney's ghost (5 damage)
             ... on level 3 of the Dungeon.
             The game lasted 00:05:30 (3522 turns).

Firecrotchwizard the Spear-Bearer (MfGl)            Turns: 3522, Time: 00:05:30

Health: -4/38      AC:  6    Str: 15    XL:     5   Next: 91%
Magic:  5/5        EV: 12    Int:  9    God:
Gold:   259        SH:  0    Dex: 14    Spells: 0 memorised, 4 levels left

rFire  . . .     SeeInvis .     a - +0 trident
rCold  . . .     Gourm    .     p - +0 ring mail
rNeg   . . .     Faith    .     (no shield)
rPois  +         Spirit   .     c - +0 helmet
rElec  .         Reflect  .     (no cloak)
rCorr  .         Harm     .     (no gloves)
MR     .....                    (no boots)
Stlth  ++........               (no amulet)
                                A - ring of poison resistance {rPois, !d}
                                o - ring of stealth {Stlth+}

@: no status effects
A: change form in water, swift swim, stealthy swim
a: no special abilities


You were on level 3 of the Dungeon.
You were not hungry.

You visited 1 branch of the dungeon, and saw 4 of its levels.

You collected 259 gold pieces.

Inventory:

Hand Weapons
 a - a +0 trident (weapon)
 i - a +0 dagger of holy wrath
   (You found it on level 1 of the Dungeon)
 y - a +1 flail of protection
   (You took it off Terence on level 3 of the Dungeon)
Missiles
 d - 3 throwing nets {=f, !d}
Armour
 b - a +0 leather armour
 c - a +0 helmet (worn)
 p - a +0 ring mail (worn)
   (You found it on level 2 of the Dungeon)
Jewellery
 o - a ring of stealth (left hand) {Stlth+}
   (You found it on level 2 of the Dungeon)
 A - a ring of poison resistance (right hand) {rPois, !d}
   (You found it on level 4 of the Dungeon)
Wands
 r - a wand of lightning (4/15)
   (You took it off Ijyb on level 2 of the Dungeon)
 z - a wand of teleportation (3/9)
   (You took it off Terence on level 3 of the Dungeon)
Scrolls
 g - a scroll of noise {unknown}
 j - a scroll of fog {unknown}
 k - a scroll of teleportation {unknown}
 m - 3 scrolls of remove curse {unknown}
 q - a scroll of amnesia {unknown}
 s - 4 scrolls of identify {unknown}
 w - 3 scrolls of recharging {unknown}
 x - 4 scrolls of enchant weapon {unknown}
Potions
 e - a potion of agility {unknown}
 l - 2 potions of ambrosia {unknown}
 n - 3 potions of curing {unknown}
 t - a potion of invisibility {unknown}
 u - a potion of heal wounds {unknown}
Comestibles
 f - 2 bread rations {@e1}
 h - 4 meat rations {@e2}
 v - a slice of pizza
 B - a chunk of flesh {@w0}


   Skills:
 - Level 2.1 Fighting
 + Level 9.2 Polearms
 - Level 2.0 Throwing
 - Level 4.0 Dodging


You had 4 spell levels left.
You didn't know any spells.

Dungeon Overview and Level Annotations

Branches:
Dungeon (4/15)
 Temple: D:4-7

Altars:
Ashenzari

Annotations:
D:3 barney's ghost, amateur DrTm
D:4 Firecrotchwizard's ghost, amateur DrCj


Message History

An adder skeleton is nearby!
The adder skeleton completely misses you.
You barely miss the adder skeleton. You puncture the adder skeleton!
The adder skeleton barely misses you.
You closely miss the adder skeleton. The adder skeleton bites you.
You take 1 damage, and have 37/38 hp.
You puncture the adder skeleton!
You destroy the adder skeleton!
No target in view!
s - 4 scrolls labeled XOVOSUC AHIPP (gained 1)
A jackal comes into view.
Health restored: 38 A jackal is nearby!
A jackal comes into view.
Attack whom?
Aim: a jackal (hasn't noticed you)
You reach to attack!
The jackal barks!
You hit the jackal. You miss the jackal.
The jackal bites you but does no damage.
You hit the jackal but do no damage.
The jackal bites you but does no damage.
You barely miss the jackal. You barely miss the jackal. The jackal bites you.
The jackal bites you but does no damage.
You take 1 damage, and have 37/38 hp.
You hit the jackal.
You kill the jackal!
The jackal misses you.
Health restored: 38 You hit the jackal.
The jackal bites you but does no damage.
You closely miss the jackal. The jackal barely misses you.
You hit the jackal.
You kill the jackal!
No target in view!
No target in view!
You butcher the jackal corpse.
B - 2 chunks of flesh {@w0} Eating one of 2 chunks of flesh {@w0}.
You start eating one of the 2 chunks of flesh {@w0}.
There is a stone staircase leading up here.
Things that are here:
an enchanted morningstar; a ring mail Firecrotchwizard's ghost is too close now for your liking.
Firecrotchwizard's ghost turns its malevolent gaze towards you.
Firecrotchwizard's ghost points at you and mumbles some strange words.
The magic dart hits you!
You take 5 damage, and have 33/38 hp.
Things that are here:
an enchanted morningstar; a ring mail
There is a stone staircase leading up here.
You climb upwards.
Level annotation: barney's ghost, amateur DrTm Barney's ghost completely misses you.
There is a stone staircase leading down here.
You hit barney's ghost but do no damage.
Barney's ghost barely misses you.
You hit barney's ghost but do no damage.
Barney's ghost hits you.
You take 4 damage, and have 30/38 hp.
You hit barney's ghost. Barney's ghost misses you.
You barely miss barney's ghost. Barney's ghost barely misses you.
You hit barney's ghost but do no damage.
Barney's ghost hits you!
You take 8 damage, and have 22/38 hp.
MASSIVE DAMAGE!!
You hit barney's ghost. You puncture barney's ghost!
Barney's ghost closely misses you.
You miss barney's ghost. Barney's ghost hits you.
You take 6 damage, and have 16/38 hp.
You are too injured to fight recklessly!
You are too injured to fight recklessly!
You are too injured to fight recklessly!
You are too injured to fight recklessly!
You are too injured to fight recklessly!
You are too injured to fight recklessly!
You are too injured to fight recklessly!
You hit barney's ghost but do no damage.
Barney's ghost hits you.
You take 2 damage, and have 14/38 hp.
You hit barney's ghost but do no damage.
Barney's ghost hits you.
* * * LOW HITPOINT WARNING * * *
You take 5 damage, and have 9/38 hp.
You hit barney's ghost.
Barney's ghost hits you but does no damage.
You completely miss barney's ghost. You closely miss barney's ghost.
Barney's ghost closely misses you.
You hit barney's ghost. Barney's ghost misses you.
You hit barney's ghost but do no damage.
Barney's ghost hits you!
* * * LOW HITPOINT WARNING * * *
You take 8 damage, and have 1/38 hp.
MASSIVE DAMAGE!!
You hit barney's ghost. Barney's ghost closely misses you.
You hit barney's ghost. You closely miss barney's ghost.
Barney's ghost hits you.
You die...

......# #.......#.#.#####.#####
.####.#####....##.#.............#
...#......##.#..#.####...........
.#.######.#..#...................
......# #....#..######.########..
.#.##.# ######..##...#.#### ..
......# #.................#
.#.######.#####W.#........#
.#......#.#.....@.........#
.######.#.#.##..####......####
.### #.#'#.##..####.........####
...# #.................[........
...# #.........##########.......
...####.........# #.......
............##### #.......
.##.........########### #.......
..#.........#.........# #)......


You could see barney's ghost.

Vanquished Creatures
  A scorpion (D:4)
  A bullfrog skeleton (D:4)
  Ijyb (D:2)
  Terence (D:3)
  3 adders
  An adder skeleton (D:4)
  2 worms (D:2)
  A dart slug (D:1)
  A leopard gecko (D:3)
  An orc (D:4)
  A ball python (D:3)
  2 giant cockroaches
  6 hobgoblins
  6 jackals
  8 kobolds
  A quokka (D:3)
  2 bats
  2 frilled lizards
  4 goblins
  A jackal skeleton (D:4)
  4 rats
50 creatures vanquished.

Vanquished Creatures (others)
  A fungus (D:4)
1 creature vanquished.

Grand Total: 51 creatures vanquished

Notes
Turn   | Place    | Note
-------+----------+-------------------------------------------
     0 | D:1      | Firecrotchwizard the Merfolk Gladiator began the quest for the Orb.
     0 | D:1      | Reached XP level 1. HP: 16/16 MP: 1/1
     6 | D:1      | Noticed a polar bear
     6 | D:1      | Noticed a wyvern
     6 | D:1      | Noticed a crocodile
     7 | D:1      | Noticed a water moccasin
     7 | D:1      | Noticed a swamp worm
   219 | D:1      | Reached skill level 5 in Polearms
   226 | D:1      | Reached XP level 2. HP: 22/22 MP: 2/2
   998 | D:2      | Reached skill level 6 in Polearms
   998 | D:2      | Reached XP level 3. HP: 27/27 MP: 3/3
  1475 | D:2      | Noticed Ijyb
  1482 | D:2      | Killed Ijyb
  1482 | D:2      | Reached skill level 7 in Polearms
  1482 | D:2      | Reached XP level 4. HP: 29/33 MP: 4/4
  2251 | D:3      | Noticed barney's ghost (amateur DrTm)
  2266 | D:3      | Noticed Terence
  2298 | D:3      | Killed Terence
  2298 | D:3      | Reached skill level 8 in Polearms
  2298 | D:3      | Reached XP level 5. HP: 12/38 MP: 5/5
  2517 | D:4      | Reached skill level 9 in Polearms
  2916 | D:4      | Found a shattered altar of Ashenzari.
  2920 | D:4      | Saw a vision of the Swamp and the Snake Pit.
  2920 | D:4      | Noticed an alligator
  2920 | D:4      | Noticed a naga mage
  2920 | D:4      | Noticed a naga
  2920 | D:4      | Noticed a naga mage
  2920 | D:4      | Noticed a black mamba
  2920 | D:4      | Noticed an alligator
  2920 | D:4      | Noticed an alligator
  2920 | D:4      | Noticed a naga
  2920 | D:4      | Noticed a mana viper
  2921 | D:4      | Noticed a shock serpent
  2923 | D:4      | Noticed a black mamba
  2923 | D:4      | Noticed an alligator
  2980 | D:4      | Noticed Firecrotchwizard's ghost (amateur DrCj)
  3514 | D:3      | HP: 9/38 [barney's ghost (5)]
  3519 | D:3      | HP: 1/38 [barney's ghost (9)]
  3522 | D:3      | Slain by barney's ghost

Skill      XL: |  1  2  3  4  5 |
---------------+----------------+-----
Polearms       | 5 6 7 8 9 |  9.2
Fighting       | |  2.1
Throwing       | |  2.0
Dodging        | |  4.0

Action                   |  1- 3 |  4- 6 || total
-------------------------+-------+-------++-------
Melee: Trident           |    94 |   129 ||   223
Evoke: Wand              |       |     1 ||     1
 Stab: Sleeping          |     6 |     2 ||     8
       Distracted        |       |     1 ||     1
  Eat: Chunk             |     2 |     4 ||     6
       Royal jelly       |       |     1 ||     1
Armor: Leather armour    |     6 |       ||     6
       Ring mail         |     3 |    27 ||    30
Dodge: Dodged            |    23 |    52 ||    75

Vault maps used:
D:1:      onia_arrival_zoo_common
D:2:      uniq_iyjb
D:3:      uniq_terence
D:4:      serial_co_window_serial, co_window_of_opportunity_a,
          co_window_of_opportunity_a, co_window_paths_a, co_window_corner_a,
          co_window_of_opportunity_a, co_window_of_opportunity_a,
          co_window_unsneaky_path_d, co_window_broadway_c,
          co_window_of_opportunity_c, co_window_2corner, co_window_broadway_b,
          co_window_corner_b, co_window_of_opportunity_b, co_window_paths_e,
          co_window_4corner_a, glass_columns_b, glass_columns_c,
          glass_columns_a, glass_columns_a, grunt_ashenzari_visionary

Table legend:
 A = Turns spent in this place as a percentage of turns spent in the entire game.
 B = Non-inter-level travel turns spent in this place as a percentage of non-inter-level travel turns spent in the entire game.
 C = Inter-level travel turns spent in this place as a percentage of turns spent in this place.
 D = Turns resting spent in this place as a percentage of non-inter-level travel turns spent in this place.
 E = Turns spent auto-exploring this place as a percentage of non-inter-level travel turns spent in this place.
 F = Non-inter-level travel turns spent in this place divided by the number of levels of this place that you've seen.
                   A       B       C       D       E      F
               +-------+-------+-------+-------+-------+----------------------
         Total | 100.0 | 100.0 |   0.3 |   2.9 |  14.5 | 156.8
       Dungeon | 100.0 | 100.0 |   0.3 |   2.9 |  14.5 | 156.8
               +-------+-------+-------+-------+-------+----------------------

Table legend:
 A = Kills in this place as a percentage of kills in entire the game.
 B = Kills by you in this place as a percentage of kills by you in the entire game.
 C = Kills by friends in this place as a percentage of kills by friends in the entire game.
 D = Other kills in this place as a percentage of other kills in the entire game.
 E = Experience gained in this place as a percentage of experience gained in the entire game.
 F = Experience gained in this place divided by the number of levels of this place that you have seen.
                   A       B       C       D       E      F
               +-------+-------+-------+-------+-------+----------------------
         Total | 100.0 | 100.0 |  -nan |  -nan | 100.0 |  76.5
       Dungeon | 100.0 | 100.0 |  -nan |  -nan | 100.0 |  76.5
               +-------+-------+-------+-------+-------+----------------------
